 Dungeon Crawl Stone Soup version 0.20-a0-463-g5747544 (webtiles) character file.

19233 Zwobot the Basher (level 12, -4/90 (92) HPs)
             Began as a Barachian Fighter on Jan 10, 2017.
             Was an Initiate of Gozag.
             Splashed by a tengu reaver's acid (13 damage)
             ... on level 11 of the Dungeon.
             The game lasted 00:39:49 (14948 turns).

Zwobot the Basher (Barachian Fighter)              Turns: 14948, Time: 00:39:50

HP:   -4/90 (92)    AC: 21    Str: 22    XL:     12   Next: 66%
MP:   16/16         EV: 10    Int:  8    God:    Gozag
Gold: 899           SH: 14    Dex: 11    Spells: 11/11 levels left

rFire  . . .     SeeInvis .     U - +2 flail (protect)
rCold  . . .     Gourm    .     i - +0 plate armour
rNeg   . . .     Faith    .     c - +0 shield
rPois  .         Spirit   .     p - +1 helmet
rElec  .         Reflect  +     s - +0 cloak
rCorr  .         Harm     .     H - +0 pair of gloves
MR     .....                    C - +0 pair of boots
Stlth  ..........               x - +2 amulet of reflection
                                J - +4 ring of evasion
                                T - ring "Wofruf" {Wiz Str+5 Slay+4 Stlth-}

@: lethally poisoned (-4 -> -41), about to teleport, can't hop, slow
A: swims, slowness 1, strong legs 1
a: Hop, Potion Petition, Call Merchant, Bribe Branch, Renounce Religion


You were on level 11 of the Dungeon.
You worshipped Gozag.
Gozag was pleased with you.
You were not hungry.

You visited 2 branches of the dungeon, and saw 12 of its levels.
You also visited: Sewer.

You collected 2859 gold pieces.
You spent 1328 gold pieces at shops.
You paid 632 gold pieces to Gozag.

Inventory:

Hand Weapons
 b - a +0 hunting sling
 t - a cursed -2 blowgun
 Q - a +0 flail of draining
 U - a +2 flail of protection (weapon)
Missiles
 e - 356 stones (quivered)
 h - 122 bolts
 v - 81 sling bullets
 y - 3 tomahawks
 N - a throwing net
Armour
 c - a +0 shield (worn)
 i - a +0 plate armour (worn)
 p - a +1 helmet (worn)
 s - a +0 cloak (worn)
 A - a +0 scale mail
 C - a +0 pair of boots (worn)
 H - a +0 pair of gloves (worn)
Jewellery
 j - an uncursed ring of poison resistance
 w - an uncursed amulet of magic regeneration
 x - a +2 amulet of reflection (around neck)
 J - a +4 ring of evasion (right hand)
 L - an uncursed ring of fire
 T - the ring "Wofruf" (left hand) {Wiz Str+5 Slay+4 Stlth-}
   (You bought it in a shop on level 7 of the Dungeon)

   [ring of wizardry]

   It improves your spell success rate.
   It affects your strength (+5).
   It affects your accuracy and damage with ranged weapons and melee attacks
   (+4).
   It makes you less stealthy.
 W - an uncursed ring of protection from cold
Wands
 P - a wand of confusion (6/48)
 R - a wand of iceblast (7/15)
 V - a wand of iceblast (8/15)
 Y - a wand of enslavement (8/24)
Scrolls
 a - a scroll of enchant weapon {unknown}
 k - 2 scrolls of fog
 l - 10 scrolls of remove curse
 o - a scroll of enchant armour
 r - a scroll of holy word
 u - 2 scrolls of recharging
 z - a scroll of noise {unknown}
 B - 3 scrolls of immolation
 I - a scroll of blinking
 K - 3 scrolls of teleportation
 M - 3 scrolls of identify
Potions
 d - 2 potions of haste
 g - 3 potions of brilliance
 m - 7 potions of curing
 n - a potion of lignification
 q - 9 potions of heal wounds
 D - 3 potions of might
 E - 2 potions of flight
 F - 2 potions of agility
 S - a potion of resistance
 X - a potion of berserk rage
Comestibles
 f - 6 bread rations
 G - 8 beef jerkies
 O - 4 meat rations


   Skills:
 + Level 8.1 Fighting
 * Level 13.1 Maces & Flails
 + Level 10.4 Armour
 + Level 9.6 Shields
 - Level 6.4 Evocations


You had 11 spell levels left.
You didn't know any spells.

Dungeon Overview and Level Annotations

Branches:
Dungeon (11/15)            Temple (1/1) D:7
   Lair: D:8-11         Orc: D:9-12

Altars:
Ashenzari
Cheibriados
Dithmenos
Elyvilon
Fedhas
Gozag
Hepliaklqana
Kikubaaqudgha
Makhleb
Nemelex Xobeh
Okawaru
Qazlal
Ru
Sif Muna
Trog
Uskayaw
Vehumet
Xom
Yredelemnul
Zin
The Shining One

Shops:
D:7 %=


Innate Abilities, Weirdness & Mutations

You can swim through water.
You cover ground slowly.
You can hop short distances.


Message History

You feel strangely unstable.
The deep troll earth mage shouts!
The tengu reaver points at you and mumbles some strange words.
The blast of poison engulfs you!
You are poisoned.
The deep troll earth mage moves out of view.
Hop to where?
Press: ? - help, Dir - move target cursor Boing!
You are engulfed in poison gas.
You are more poisoned.
You feel very sick.
You are engulfed in poison gas.
You are more poisoned.
You feel very sick.
The tengu reaver is engulfed in poison gas.
The tengu reaver is poisoned.
The tengu reaver gestures at you while chanting.
The bolt of acid hits you!
* * * LOW HITPOINT WARNING * * *
You are splashed with acid!
The acid burns!
You die...
Your body crumbles into a pile of gold.

######
###§§QT.
##§§§§##
##§§§§§.#$
##.§§#####
#..@##...#
$
##..##...##
#...#.....
#...#c..#
#..###..# $
##..# ##
#...# #..##
#...#


You could see a tengu reaver and a deep troll earth mage.

Vanquished Creatures
  Harold (D:10)
  The ghost of PeterMcNeter the Carver, a journeyman DsBe of Trog (D:10)
  5 two-headed ogres
  An unseen horror (D:10)
  A cyclops (D:11)
  A manticore (D:11)
  A freezing wraith (D:11)
  4 slime creatures
  A hippogriff (D:10)
  A shadow (D:11)
  3 wyverns
  20 yaks
  2 hungry ghosts
  Menkaure (D:5)
  Duvessa (D:5)
  3 orc warriors
  A black bear (D:7)
  6 sky beasts
  3 phantoms
  An eye of draining (D:11)
  9 necrophages (D:9)
  3 ice beasts
  7 ogres
  2 centaurs (D:6)
  Blork the orc (D:5)
  8 big kobolds
  4 bullfrogs
  4 scorpions
  A water moccasin zombie (D:9)
  A wyvern skeleton (D:9)
  Dowan (D:5)
  6 killer bees (D:10)
  17 wights
  11 howler monkeys
  3 centaur zombies
  4 crimson imps
  A bullfrog zombie (D:9)
  5 hounds
  2 quasits
  6 orc priests
  2 bullfrog skeletons
  Crazy Yiuf (D:7)
  6 centaur skeletons
  An iguana (D:4)
  15 worker ants
  11 orc wizards
  A killer bee zombie (D:6)
  A hound zombie (D:7)
  A hound skeleton (D:8)
  2 mummies (D:9)
  2 worker ant zombies
  20 adders
  5 gnolls
  6 shadow imps
  4 oozes
  2 adder skeletons
  2 adder zombies
  5 worms
  A dart slug (D:1)
  5 leopard geckos
  62 orcs
  9 bats
  6 giant cockroaches
  5 hobgoblins
  8 jackals
  34 kobolds
  4 quokkas
  2 ball pythons (Sewer)
  4 frilled lizards
  13 goblins
  A jackal zombie (D:6)
  A leopard gecko zombie (D:5)
  2 quokka skeletons
  8 rats
406 creatures vanquished.

Vanquished Creatures (others)
  A centaur (D:7)
1 creature vanquished.

Grand Total: 407 creatures vanquished

Notes
Turn   | Place    | Note
-------+----------+-------------------------------------------
     0 | D:1      | Zwobot the Barachian Fighter began the quest for the Orb.
     0 | D:1      | Reached XP level 1. HP: 18/18 MP: 1/1
    82 | D:1      | Reached XP level 2. HP: 23/24 MP: 2/2
   106 | D:1      | Reached skill level 3 in Maces & Flails
   437 | D:1      | Reached XP level 3. HP: 29/29 MP: 3/3
  1202 | D:2      | Reached XP level 4. HP: 35/35 MP: 4/4
  1972 | D:2      | Reached skill level 4 in Maces & Flails
  2439 | D:3      | Reached XP level 5. HP: 38/41 MP: 5/5
  2986 | D:3      | Noticed a wyvern
  2994 | D:3      | Killed a wyvern
  2994 | D:3      | Reached skill level 5 in Maces & Flails
  2994 | D:3      | Reached XP level 6. HP: 22/47 MP: 6/6
  3651 | D:3      | Found a deep blue altar of Sif Muna.
  4093 | D:3      | Reached skill level 6 in Maces & Flails
  4093 | D:3      | Reached XP level 7. HP: 21/52 MP: 7/7
  4294 | D:4      | Reached skill level 5 in Armour
  5124 | D:5      | Entered Level 5 of the Dungeon
  5221 | D:5      | Found an opulent altar of Gozag.
  5253 | D:5      | Found a hide-covered altar of Uskayaw.
  5254 | D:5      | Found a white marble altar of Elyvilon.
  5254 | D:5      | Found a radiant altar of Vehumet.
  5255 | D:5      | Found a burning altar of Makhleb.
  5266 | D:5      | Noticed Duvessa
  5266 | D:5      | Noticed Menkaure
  5277 | D:5      | Noticed Dowan
  5291 | D:5      | Killed Menkaure
  5291 | D:5      | Reached XP level 8. HP: 45/58 MP: 8/8
  5318 | D:5      | Reached skill level 7 in Maces & Flails
  5323 | D:5      | Killed Dowan
  5323 | D:5      | Reached skill level 5 in Shields
  5673 | D:5      | Killed Duvessa
  5743 | D:5      | Found a shadowy altar of Dithmenos.
  5804 | D:5      | HP: 2/58 [orc priest/divine providence (12)]
  6325 | D:5      | Became a worshipper of Uskayaw the Reveler
  6361 | D:5      | Reached * piety under Uskayaw
  6381 | D:5      | Noticed Blork the orc
  6384 | D:5      | Reached ** piety under Uskayaw
  6387 | D:5      | Reached skill level 8 in Maces & Flails
  6900 | D:5      | Reached XP level 9. HP: 8/64 MP: 9/9
  7237 | D:5      | Fell from the grace of Uskayaw
  7237 | D:5      | Became a worshipper of Gozag Ym Sagoz the Greedy
  7277 | D:5      | Killed Blork the orc
  7702 | D:6      | Paralysed by the fury of Uskayaw for 2 turns
  7723 | D:6      | Reached skill level 9 in Maces & Flails
  7740 | D:6      | Found a glowing drain.
  7749 | Sewer    | Entered a sewer
  8313 | D:6      | Found a stormy altar of Qazlal.
  8481 | D:6      | Found a sacrificial altar of Ru.
  8857 | D:7      | Paralysed by the fury of Uskayaw for 3 turns
  8927 | D:7      | Reached skill level 10 in Maces & Flails
  8971 | D:7      | Reached XP level 10. HP: 40/71 MP: 10/10
  9225 | D:7      | Noticed a two-headed ogre
  9246 | D:7      | Killed a two-headed ogre
  9953 | D:7      | Found Voimaff's Food Shop.
  9957 | D:7      | Bought a meat ration for 55 gold pieces
  9957 | D:7      | Bought a meat ration for 55 gold pieces
  9957 | D:7      | Bought a meat ration for 55 gold pieces
  9957 | D:7      | Bought a meat ration for 55 gold pieces
  9957 | D:7      | Bought a meat ration for 55 gold pieces
  9957 | D:7      | Bought a meat ration for 55 gold pieces
  9957 | D:7      | Bought a meat ration for 55 gold pieces
 10026 | D:7      | Found a runed door.
 10127 | D:7      | Found a staircase to the Ecumenical Temple.
 10144 | Temple   | Entered the Ecumenical Temple
 10574 | D:7      | Noticed Crazy Yiuf
 10588 | D:7      | Killed Crazy Yiuf
 10636 | D:7      | Reached skill level 5 in Fighting
 10777 | D:8      | Noticed a two-headed ogre
 11125 | D:7      | Was forgiven by Uskayaw
 11215 | D:8      | Reached skill level 11 in Maces & Flails
 11657 | D:8      | Noticed a two-headed ogre
 11675 | D:8      | Killed a two-headed ogre
 11778 | D:8      | Reached XP level 11. HP: 65/81 MP: 11/11
 12300 | D:9      | Noticed a two-headed ogre
 12322 | D:9      | Killed a two-headed ogre
 12791 | D:9      | Reached skill level 5 in Evocations
 12808 | D:9      | Noticed a two-headed ogre
 12834 | D:9      | Killed a two-headed ogre
 12975 | D:7      | Bought the ring "Wofruf" {Wiz Str+5 Slay+4 Stlth-} for 943 gold pieces
 13501 | D:10     | Entered Level 10 of the Dungeon
 13511 | D:10     | Reached skill level 12 in Maces & Flails
 13743 | D:10     | Reached XP level 12. HP: 71/87 MP: 16/16
 13778 | D:10     | Noticed PeterMcNeter's ghost (journeyman DsBe)
 13870 | D:10     | Killed PeterMcNeter's ghost
 14266 | D:10     | Killed a two-headed ogre
 14266 | D:10     | Reached skill level 10 in Armour
 14480 | D:10     | Noticed Harold
 14501 | D:10     | Killed Harold
 14865 | D:11     | Reached skill level 13 in Maces & Flails
 14939 | D:11     | Noticed a yaktaur captain
 14945 | D:11     | Noticed a tengu reaver
 14946 | D:11     | Noticed a deep troll earth mage
 14948 | D:11     | Splashed by a tengu reaver's acid

Vault maps used:
D:1:      dpeg_arrival_rooms_c, hangedman_decor_push
D:2:      kennysheep_generic_room_15
D:3:      lemuel_blue_sif_altar
D:4:      minmay_misc_feat_x
D:5:      grunt_temple_overflow_open, first_bread, hangedman_decor_slide_cut,
          uniq_duvessa, uniq_blork_the_orc, uniq_menkaure
D:6:      nicolae_overflow_crystal_walls, nicolae_ru_path_of_blood,
          portal_sewer_entry_d
D:7:      serial_shops, shop, grunt_ogre_cave, uniq_crazy_yiuf_cottage
D:9:      serial_undead, serial_undead_a, serial_undead_d, serial_undead_c,
          serial_undead_a, serial_undead_a, serial_undead_f, serial_undead_b,
          minmay_misc_feat_chi
D:10:     uniq_harold
D:11:     minmay_tile_spiral, lair_entry_dummy, hiddenorc1_lemuel,
          enter_bailey_3, st_stairs_13
Temple:   oiseaux_autumnal_temple
Sewer:    kennysheep_pipe_town

Skill      XL: |  1  2  3  4  5  6  7  8  9 10 11 12 |
---------------+-------------------------------------+-----
Maces & Flails | 3 4 5 6 8 10 11 12 13 | 13.1
Armour         | 4 5 6 7 9 10 | 10.4
Shields        | 4 6 7 8 9 |  9.6
Fighting       | 4 5 6 8 |  8.1
Evocations     | 6 |  6.4

Action                   |  1- 3 |  4- 6 |  7- 9 | 10-12 || total
-------------------------+-------+-------+-------+-------++-------
Melee: Flail             |   101 |   374 |   730 |  1279 ||  2484
       Unarmed           |       |       |    31 |       ||    31
 Fire: Hunting sling     |       |     3 |       |       ||     3
Throw: Stone             |       |       |     1 |       ||     1
Invok: Call Merchant     |       |       |       |     1 ||     1
 Abil: Hop               |       |     1 |     1 |     2 ||     4
Evoke: Wand              |       |       |     4 |    18 ||    22
  Use: Scroll            |     1 |     6 |     2 |     9 ||    18
       Potion            |       |     4 |    11 |     1 ||    16
 Stab: Confused          |       |       |     3 |     4 ||     7
       Distracted        |       |       |       |     2 ||     2
  Eat: Chunk             |     2 |    10 |     5 |       ||    17
       Meat ration       |       |       |     3 |     5 ||     8
       Bread ration      |       |       |       |     1 ||     1
       Beef jerky        |       |       |       |     1 ||     1
Armor: Scale mail        |    10 |       |       |       ||    10
       Plate armour      |    74 |   253 |   373 |   381 ||  1081
       Skin              |       |       |    92 |       ||    92
Dodge: Dodged            |    11 |    35 |   137 |   234 ||   417
Block: Shield            |    58 |   204 |   445 |   552 ||  1259
       Reflection        |       |       |    15 |     3 ||    18
